 Dungeon Crawl Stone Soup version 0.23.2-1-ga50397a6bc (webtiles) character file.

Game seed: 8301433925067009095

1829 depaul the Cudgeler (level 8, -1/71 HPs)
             Began as a Troll Chaos Knight on June 1, 2019.
             Was a Plaything of Xom.
             Slain by Harold
             ... wielding a +0 halberd
              (16 damage)
             ... on level 7 of the Dungeon.
             The game lasted 00:33:15 (5171 turns).

depaul the Cudgeler (Troll Chaos Knight)            Turns: 5171, Time: 00:33:16

Health: -1/71      AC:  8    Str: 23    XL:     8   Next: 86%
Magic:  7/7        EV: 13    Int:  6    God:    Xom [*.....]
Gold:   397        SH:  0    Dex:  9    Spells: 7/7 levels left

rFire    . . .     SeeInvis .   a - +0 mace (chaos)
rCold    . . .     Gourm    +   (no shield)
rNeg     + . .     Faith    .   b - +2 robe
rPois    .         Spirit   .   (helmet restricted)
rElec    .         Reflect  .   (no cloak)
rCorr    .         Harm     .   (gloves unavailable)
MR       .....                  (boots unavailable)
Stlth    ++........             i - amulet of regeneration
HPRegen  1.01/turn              v - ring of positive energy
MPRegen  0.10/turn              (no ring)

@: no status effects
A: large, unfitting armour, claws 3, repulsion field 1, dopey 1, fast metabolism
3, frail 1, gourmand, mutation resistance 1, regeneration 1, shaggy fur 1, tough
skin 3
a: Renounce Religion


You were on level 7 of the Dungeon.
You worshipped Xom.
You were a special plaything of Xom.
You were very full.

You visited 1 branch of the dungeon, and saw 7 of its levels.

You collected 397 gold pieces.

Inventory:

Hand Weapons
 a - a +0 mace of chaos (weapon)
 j - a +0 spear
 m - a +0 short sword
 o - a +0 falchion
 x - a +0 glaive
 z - a +1 hunting sling of freezing
 G - a +0 rapier
 I - a +0 giant club
 M - a +0 shortbow
Missiles
 h - 28 bolts
 A - 97 stones (quivered)
 H - 5 tomahawks of returning
 P - 70 arrows
Armour
 b - a +2 robe (worn)
 d - a +0 ring mail
 t - a +0 leather armour
 y - a +0 robe
 B - a +0 animal skin
 K - a +0 helmet
Magical Staves
 R - an uncursed staff of earth
Jewellery
 i - an amulet of regeneration (around neck)
 v - a ring of positive energy (left claw)
 D - an uncursed amulet of the acrobat {unknown}
Wands
 w - a wand of iceblast (7)
Scrolls
 g - 7 scrolls of identify {unknown}
 k - 2 scrolls of remove curse {unknown}
 n - a scroll of amnesia {unknown}
 p - a scroll of fog {unknown}
 s - 6 scrolls of fear {unknown}
 u - 3 scrolls of blinking {unknown}
 C - a scroll of noise {unknown}
 F - a scroll of enchant armour {unknown}
 J - 2 scrolls of silence {unknown}
 O - a scroll of teleportation
 Q - a scroll of enchant weapon {unknown}
 U - a scroll of summoning {unknown}
Potions
 e - a potion of lignification {unknown}
 f - 3 potions of heal wounds {unknown}
 l - a potion of magic {unknown}
 q - a potion of curing {unknown}
 r - a potion of ambrosia {unknown}
 E - a potion of degeneration {unknown}
 L - 2 potions of brilliance {unknown}
 N - 2 potions of flight {unknown}
 T - a potion of agility {unknown}
Comestibles
 c - 17 rations


   Skills:
 + Level 4.8 Fighting
 + Level 7.5 Maces & Flails
 + Level 1.3 Throwing
 + Level 5.3 Dodging
 + Level 1.5 Stealth


You had 7 spell levels left.
You didn't know any spells.
Your spell library was empty.

Dungeon Overview and Level Annotations

Branches:
Dungeon (7/15)             Temple (0/1) D:5

Altars:
Ashenzari
Makhleb
Wu Jian
Xom

Shops:
D:4 *

Annotations:
D:4 OneEyedShark's ghost, amateur MiAK
D:7 Harold


Innate Abilities, Weirdness & Mutations

You are too large for most types of armour.
You have claws for hands.
Your metabolism is lightning-fast.
You like to eat raw meat.
Your natural rate of healing is unusually fast.
You are covered in fur. (AC +1)
You have extremely tough skin. (AC +3)
You are surrounded by a mild repulsion field. (EV +2)
You are dopey. (Int -2)
You are frail. (-10% HP)
You are somewhat resistant to further mutation.


Message History

You sock Harold! You freeze Harold.
Harold is lightly wounded.
A wight comes into view. It is wielding a +4 flail.
Harold hits you with a +0 halberd.
You see here a throwing net.
You closely miss the necrophage. The necrophage closely misses you.
Harold points at you and mumbles some strange words.
The harpoon shot misses you.
The harpoon shot hits the necrophage!
Xom is highly amused!
A wight comes into view. It is wielding a +0 halberd.
You sock the necrophage! You freeze the necrophage.
You destroy the necrophage!
Harold hits you from afar with a +0 halberd!
* * * LOW HITPOINT WARNING * * *
You hit the wight.
The wight is moving more slowly.
The wight is lightly damaged.
The wight hits you but does no damage.
Harold hits you from afar with a +0 halberd!
You die...
Xom guffaws!

##############
#oaJ@.@z.>.z.#
#)##########.# #(
#.# #@ #.# #J
######.##########
#o
#.................
.a
#.#####.#########.
.. #.# #.. #.#
#รท.


You could see Harold, a jelly, a worker ant, 2 wights and an orc.

Vanquished Creatures
  Eustachio (D:5)
  An ice beast (D:6)
  An orc warrior (D:5)
  A phantom (D:5)
  A boggart (shapeshifter) (D:1)
  A necrophage (D:7)
  An ogre (D:6)
  2 centaurs
  Blork the orc (D:4)
  A water moccasin zombie (D:5)
  2 scorpions
  A wyvern skeleton (D:6)
  A centaur zombie (D:5)
  3 jellies
  4 orc wizards
  2 hounds
  An iguana (D:6)
  5 worker ants
  2 worker ant zombies (D:6)
  Robin (D:4)
  6 gnolls
  6 adders
  An ufetubus (D:6)
  2 worms (D:2)
  2 dart slugs
  6 leopard geckos
  9 orcs
  5 ball pythons
  9 bats
  5 giant cockroaches
  16 goblins
  12 hobgoblins
  10 jackals
  3 kobolds
  5 quokkas
  4 frilled lizards
  A leopard gecko skeleton (D:5)
  A quokka skeleton (D:5)
  10 rats
146 creatures vanquished.

Vanquished Creatures (collateral kills)
  A gnoll (D:5)
1 creature vanquished.

Vanquished Creatures (others)
  A centaur (D:7)
1 creature vanquished.

Grand Total: 148 creatures vanquished

Notes
Turn   | Place    | Note
-------+----------+-------------------------------------------
     0 | D:1      | depaul the Troll Chaos Knight began the quest for the Orb.
     0 | D:1      | Reached XP level 1. HP: 22/22 MP: 0/0
    14 | D:1      | XOM: harmless Hex miscast
    36 | D:1      | Noticed a shapeshifter
    36 | D:1      | a kobold changed into a shapeshifter
    36 | D:1      | Noticed a blink frog
    36 | D:1      | a shapeshifter changed into a blink frog
    40 | D:1      | Noticed a troll
    40 | D:1      | a blink frog changed into a troll
    41 | D:1      | XOM: potion effect (agility)
    42 | D:1      | XOM: potion effect (invisibility)
    46 | D:1      | XOM: potion effect (brilliance)
    47 | D:1      | Noticed a shapeshifter
    47 | D:1      | a troll changed into a shapeshifter
    48 | D:1      | Noticed an orb spider
    48 | D:1      | a shapeshifter changed into an orb spider
   127 | D:1      | Noticed a boggart
   131 | D:1      | XOM: potion effect (haste)
   139 | D:1      | Killed a boggart
   139 | D:1      | Reached skill level 3 in Maces & Flails
   139 | D:1      | Reached XP level 2. HP: 24/31 MP: 1/1
   139 | D:1      | Reached XP level 3. HP: 29/37 MP: 2/2
   139 | D:1      | Reached XP level 4. HP: 35/45 MP: 3/3
   680 | D:1      | Reached skill level 4 in Maces & Flails
   907 | D:2      | Reached XP level 5. HP: 53/53 MP: 4/4
  1253 | D:2      | XOM: harmless Tloc miscast
  1476 | D:2      | XOM is BORED!
  1829 | D:3      | XOM: god gift: 5 rations
  2047 | D:4      | XOM: stealth player
  2236 | D:4      | Noticed Blork the orc
  2254 | D:4      | Killed Blork the orc
  2254 | D:4      | Reached XP level 6. HP: 37/61 MP: 5/5
  2276 | D:4      | XOM: mild Fire miscast
  2298 | D:4      | Noticed OneEyedShark's ghost (amateur MiAK)
  2300 | D:4      | Found a runed translucent door.
  2441 | D:4      | Noticed Robin
  2450 | D:4      | Killed Robin
  2523 | D:4      | Found Iliutt's Assorted Antiques.
  2875 | D:4      | XOM: cloud trail
  2930 | D:4      | XOM: god gift: wand of iceblast (7)
  3036 | D:5      | Entered Level 5 of the Dungeon
  3036 | D:5      | Noticed Eustachio
  3100 | D:5      | Found a staircase to the Ecumenical Temple.
  3130 | D:5      | XOM: give mutations
  3130 | D:5      | Gained mutation: You are somewhat resistant to further
                  | mutation. [Xom's grace]
  3130 | D:5      | Gained mutation: You are surrounded by a mild repulsion
                  | field. (EV +2) [Xom's grace]
  3183 | D:5      | Reached skill level 5 in Maces & Flails
  3184 | D:5      | XOM: scenery: create altars
  3184 | D:5      | XOM: smoke on damage
  3267 | D:5      | XOM: destruction
  3351 | D:5      | XOM: medium Erth miscast
  3391 | D:5      | XOM: potion effect (invisibility)
  3400 | D:5      | Killed Eustachio
  3400 | D:5      | Reached skill level 1 in Stealth
  3400 | D:5      | Reached XP level 7. HP: 68/68 MP: 6/6
  3533 | D:5      | XOM: harmless Summ miscast
  3534 | D:5      | XOM: harmless Conj miscast
  3569 | D:5      | XOM: confuse monster(s)
  3645 | D:5      | XOM: confuse monster(s)
  3649 | D:5      | XOM: snakes to sticks
  3670 | D:4      | XOM: enchant monster (good)
  3690 | D:5      | Reached skill level 6 in Maces & Flails
  3830 | D:5      | XOM: divination: detect creatures
  3836 | D:5      | Reached XP level 8. HP: 76/78 MP: 7/7
  3924 | D:5      | XOM: god gift: scroll labeled SOXZIXTIXUXT {god gift}
  3956 | D:5      | XOM: cleaving
  3964 | D:5      | XOM: scenery: create altars
  4324 | D:6      | XOM: summons friendly white imp
  4397 | D:6      | XOM: scenery: create altars
  4398 | D:6      | XOM: blink monster(s)
  4413 | D:6      | Reached skill level 7 in Maces & Flails
  4413 | D:6      | Reached skill level 5 in Dodging
  4487 | D:6      | XOM: give mutations
  4487 | D:6      | Gained mutation: You are dopey. (Int -2) [Xom's mischief]
  4487 | D:6      | Gained mutation: You are frail. (-10% HP) [Xom's mischief]
  4499 | D:6      | Found a burning altar of Makhleb.
  4548 | D:6      | XOM: mild Ice miscast
  4651 | D:6      | Found a shattered altar of Ashenzari.
  4729 | D:6      | Reached skill level 1 in Throwing
  4781 | D:6      | XOM: polymorph quasit -> ufetubus
  4961 | D:7      | XOM: stealth player
  4968 | D:7      | Found an ornate altar of the Wu Jian Council.
  5145 | D:7      | Noticed Harold
  5171 | D:7      | Slain by Harold

Skill      XL: |  1  2  3  4  5  6  7  8 |
---------------+-------------------------+-----
Fighting       | 3 4 |  4.8
Maces & Flails | 3 4 5 6 7 |  7.5
Dodging        | 2 3 4 5 |  5.3
Stealth        | 1 |  1.5
Throwing       | 1 |  1.3

Action                   |  1- 3 |  4- 6 |  7- 9 || total
-------------------------+-------+-------+-------++-------
Melee: Mace              |    21 |   340 |   230 ||   591
Throw: Stone             |       |       |    18 ||    18
       Javelin           |       |       |    13 ||    13
  Use: Scroll            |       |       |     1 ||     1
 Stab: Invisible         |     1 |     1 |       ||     2
       Paralysed         |       |     2 |     3 ||     5
       Sleeping          |       |     2 |       ||     2
       Confused          |       |     1 |       ||     1
  Eat: Chunk             |       |    38 |    16 ||    54
Armor: Robe              |     9 |   199 |   100 ||   308
Dodge: Dodged            |    12 |   253 |   144 ||   409
